 Dungeon Crawl Stone Soup version 0.31.0-32-g396128a36d (webtiles) character file.

Game seed: 17437046186366860295

13 krs the Trooper (level 2, 21/27 HPs)
             Began as a Minotaur Berserker on Mar 12, 2024.
             Was a Follower of Trog.
             Quit the game on level 1 of the Dungeon.
             The game lasted 00:04:55 (320 turns).

krs the Trooper (Minotaur Berserker)                 Turns: 320, Time: 00:04:56

Health: 21/27      AC:  2    Str: 21    XL:     2   Next: 24%
Magic:  1/1        EV: 12    Int:  4    God:    Trog [*.....]
Gold:   0          SH:  0    Dex:  9    Spells: 1/1 levels left

rFire   . . .        a - +0 hand axe
rCold   . . .        (no shield)
rNeg    . . .        b - +0 animal skin
rPois   .            (helmet restricted)
rElec   .            (no cloak)
rCorr   .            (no gloves)
SInv    .            (no boots)
Will    .....        (no amulet)
Stlth   +            (no ring)
HPRegen 0.24/turn    (no ring)
MPRegen 0.07/turn

%: no passive effects
@: no status effects
A: horns 2, retaliatory headbutt
a: Renounce Religion, Berserk


You were on level 1 of the Dungeon.
You worshipped Trog.
Trog was aware of your devotion.
You visited 1 branch of the dungeon, and saw 1 of its levels.

Inventory:

Hand Weapons
 a - a +0 hand axe (weapon)
Armour
 b - a +0 animal skin (worn)
Scrolls
 c - a scroll of butterflies {unknown}


   Skills:
 + Level 4.1 Fighting
 + Level 4.0 Axes
 + Level 2.5 Armour
 + Level 2.3 Dodging


You had one spell level left.
You didn't know any spells.
Your spell library was empty.

Dungeon Overview and Level Annotations

Branches:
Dungeon (1/15)

Altars:


Innate Abilities, Weirdness & Mutations

You have a pair of horns on your head.
You reflexively headbutt those who attack you in melee.


Message History

The jackal completely misses you.
You hit the jackal.
You kill the jackal!
Trog accepts your kill.
You hit the jackal.
The jackal bites you but does no damage.
The jackal bites you.
Your Fighting skill increases to level 4!
You have reached level 2!
You barely miss the jackal. You hit the jackal. The jackal barely misses you.
You furiously retaliate!
You headbutt the jackal. The jackal closely misses you.
You furiously retaliate!
You headbutt the jackal!
You kill the jackal!
Trog accepts your kill.
You hit the jackal but do no damage. You headbutt the jackal.
You kill the jackal!
Trog accepts your kill.
You closely miss the hobgoblin. You hit the kobold but do no damage.
The hobgoblin closely misses you. The kobold hits you with a +0 club.
You closely miss the hobgoblin. You headbutt the hobgoblin.
You kill the hobgoblin!
Trog accepts your kill.
You closely miss the kobold. The kobold hits you with a +0 club.
Your Axes skill increases to level 4!
The kobold hits you with a +0 club.
Things that are here:
a hobgoblin corpse; a jackal corpse You barely miss the kobold.
The kobold hits you but does no damage.
You barely miss the kobold. The kobold hits you with a +0 club.
You completely miss the kobold. The kobold hits you but does no damage.
You hit the kobold.
You kill the kobold!
Trog accepts your kill.
Things that are here:
a +0 club; 3 stones; a jackal corpse
Found a hand axe.
Found an escape hatch in the floor.
There is an escape hatch in the floor here.
Are you sure you want to abandon this character and quit the game? (Confirm with "yes".)

. ## ##. .# ...###
#.# ##....###..#
..........#
#.#.#......#####
.......>........
..#............)
#.......@.......
#...............
##............###
#.............#
##..........##
####..........#
#.............#
#.##..........#
#######.....$.......#


There were no monsters in sight!

Vanquished Creatures
  An endoplasm (D:1)
  A goblin (D:1)
  A hobgoblin (D:1)
  4 jackals (D:1)
  A ball python (D:1)
  2 frilled lizards (D:1)
  2 kobolds (D:1)
12 creatures vanquished.

Notes
Turn   | Place    | Note
-------+----------+-------------------------------------------
     0 | D:1      | krs the Minotaur Berserker began the quest for the Orb.
     0 | D:1      | Reached XP level 1. HP: 19/19 MP: 0/0
   281 | D:1      | Reached XP level 2. HP: 21/27 MP: 1/1
   320 | D:1      | Quit the game

Illustrated notes

Levels and vault maps discovered:
D:1:      lightli_arrival_lavapool, layout_rooms, corexii_hall_statues_u,
          chequers_mini_garden

Skill      XL: |  1  2 |
---------------+-------+-----
Fighting       | 4 |  4.1
Axes           | 4 |  4.0
Armour         | |  2.5
Dodging        | |  2.3

Action                     || total
---------------------------++-------
  Melee: Hand axe          ||    16
         Headbutt          ||     2
 Armour: Animal skin       ||    23
  Dodge: Dodged            ||    19
